 Dungeon Crawl Stone Soup version 0.31-a0-240-gb923e448b6 (webtiles) character file.

Game seed: 11276843083235914695

77970 British0li the Fencer (level 15, 0/122 HPs)
             Began as a Demonspawn Delver on July 12, 2023.
             Was the Champion of Makhleb.
             Slain by a titan skeleton (18 damage)
             ... on level 1 of the Abyss.
             The game lasted 00:56:22 (20325 turns).

British0li the Fencer (Demonspawn Delver)          Turns: 20325, Time: 00:56:22

Health: 0/122      AC: 23    Str: 28 (29) XL:     15   Next: 16%
Magic:  0/15       EV: 10    Int: 17      God:    Makhleb [******]
Gold:   1653       SH:  0    Dex:  8 (9)  Spells: 14/14 levels left

rFire   + + .        h - +10 rapier "Gaqynt" {vamp, Will+ rCorr Dex-3}
rCold   + . .        (no shield)
rNeg    . . .        W - +2 plate armour {rC+}
rPois   .            B - +2 helmet "Pyhey" {rF++}
rElec   .            (no cloak)
rCorr   +            (gloves unavailable)
SInv    .            d - +1 pair of boots
Will    ++...        q - amulet "Byrof" {Spirit Rampage Slay+2} Stlth
                     k - +6 ring of strength
HPRegen 0.00/turn    v - ring "Cumujuu" {Fly rCorr Str+2}
MPRegen 0.14/turn

%: guardian spirit, rampage
@: flying, inhibited regen
A: thin skeletal structure 2, foul stench 2, powered by death 1, demonic touch
3, clever 1, strong 1, evolution 1, [clumsy 2], [deterioration 2], [inhibited
regeneration]
a: Renounce Religion, Minor Destruction, Lesser Servant of Makhleb, Major
Destruction, Greater Servant of Makhleb


You were on level 1 of the Abyss.
You worshipped Makhleb.
Makhleb was exalted by your worship.
You visited 4 branches of the dungeon, and saw 20 of its levels.
You visited the Abyss 1 time.
You also visited: Volcano.

You collected 2133 gold pieces.
You spent 480 gold pieces at shops.

Inventory:

Hand Weapons
 c - the +10 falchion of the Vase {protect, Contam *Corrode rN++ Dex+9}
   (You found it on level 3 of the Dungeon)

   Dex:       It affects your dexterity (+9).
   rN:        It greatly protects you from negative energy.
   Contam:    It causes magical contamination when unequipped.
   *Corrode:  It may corrode you when you take damage.
 h - the +10 rapier "Gaqynt" (weapon) {vamp, Will+ rCorr Dex-3}
   (You bought it in a shop on level 6 of the Dungeon)

   Dex:       It affects your dexterity (-3).
   rCorr:     It protects you from acid and corrosion.
   Will:      It increases your willpower.
 z - a +2 great sword of flaming
Missiles
 r - 4 javelins (quivered)
 w - 4 throwing nets
 x - 5 silver javelins
Armour
 d - a +1 pair of boots (worn)
 B - the +2 helmet "Pyhey" (worn) {rF++}
   (You found it on level 7 of the Dungeon)

   rF:        It greatly protects you from fire.
 W - a +2 plate armour of cold resistance (worn)
Jewellery
 k - a +6 ring of strength (left hand)
 q - the amulet "Byrof" (around neck) {Spirit Rampage Slay+2}
   (You took it off a naga on level 2 of the Lair of Beasts)

   [amulet of guardian spirit]

   It causes incoming damage to be divided between your reserves of health and
   magic.
   Slay:      It affects your accuracy & damage with ranged weapons and melee
   (+2).
   Rampage:   It bestows one free step when moving towards enemies.
 v - the ring "Cumujuu" (right hand) {Fly rCorr Str+2}
   (You found it on level 6 of the Dungeon)

   [ring of flight]

   Str:       It affects your strength (+2).
   Fly:       It grants you flight.
   rCorr:     It protects you from acid and corrosion.
 A - a ring of ice
 D - a ring of protection from fire
Wands
 g - a wand of digging (9)
 y - a wand of quicksilver (11)
 G - a wand of mindburst (12)
 J - a wand of charming (13)
 N - a wand of flame (25)
 R - a wand of iceblast (6)
Scrolls
 i - 2 scrolls of teleportation
 j - a scroll of fear
 l - a scroll of identify
 m - 2 scrolls of enchant armour {unknown}
 n - 3 scrolls of fog
 o - a scroll of silence {unknown}
 p - 3 scrolls of enchant weapon
 s - 2 scrolls of blinking
 u - 2 scrolls of poison {unknown}
 F - a scroll of amnesia {unknown}
 S - a scroll of vulnerability {unknown}
Potions
 a - 2 potions of brilliance
 b - a potion of invisibility
 e - 2 potions of heal wounds
 t - 2 potions of haste
 C - 3 potions of mutation
 E - a potion of magic
 H - a potion of enlightenment
 I - 2 potions of curing
 K - a potion of resistance {unknown}
 L - a potion of attraction {unknown}
 M - a potion of might {unknown}
 P - a potion of experience {unknown}
 V - a potion of berserk rage
Miscellaneous
 f - a phantom mirror


   Skills:
 + Level 12.9 Fighting
 * Level 15.9 Long Blades
 + Level 11.4 Armour
 + Level 11.7 Dodging
 - Level 4.5 Stealth


You had 14 spell levels left.
You didn't know any spells.
Your spell library contained the following spells:

 Spells                   Type           Power      Damage    Failure   Level
 Sublimation of Blood     Necr           0%         N/A       95%         2
 Confusing Touch          Hex            0%         N/A       99%         3
 Frozen Ramparts          Ice            0%         1d1       99%         3
 Ozocubu's Armour         Ice            0%         N/A       99%         3
 Portal Projectile        Hex/Tloc       0%         N/A       99%         3
 Stone Arrow              Conj/Erth      0%         3d7       99%         3
 Tukima's Dance           Hex            0%         N/A       99%         3
 Animate Armour           Summ/Erth      0%         N/A       100%        4
 Animate Dead             Necr           0%         N/A       100%        4
 Iskenderun's Mystic Bla  Conj/Tloc      0%         2d3       100%        4
 Passage of Golubria      Tloc           0%         N/A       100%        4
 Petrify                  Tmut/Erth      0%         N/A       100%        4
 Summon Ice Beast         Ice/Summ       0%         N/A       100%        4
 Borgnjor's Vile Clutch   Necr/Erth      0%         N/A       100%        5
 Irradiate                Conj/Tmut      0%         3d11      100%        5
 Metabolic Englaciation   Hex/Ice        0%         N/A       100%        5
 Silence                  Hex/Air        0%         N/A       100%        5
 Summon Forest            Summ/Tloc      0%         N/A       100%        5
 Summon Mana Viper        Hex/Summ       0%         N/A       100%        5
 Death Channel            Necr           0%         N/A       100%        6
 Summon Cactus Giant      Summ           0%         N/A       100%        6
 Monstrous Menagerie      Summ           0%         N/A       100%        7
 Ozocubu's Refrigeration  Ice            0%         4d7       100%        7
 Lehudib's Crystal Spear  Conj/Erth      0%         10d2      100%        8
 Fire Storm               Conj/Fire      0%         5d1       100%        9


Dungeon Overview and Level Annotations

Branches:
Dungeon (12/15)            Temple (1/1) D:6            Lair (5/5) D:9
 Shoals (0/4) Lair:2        Snake (0/4) Lair:2        Slime (0/5) Lair:4
    Orc (2/2) D:10            Elf (0/3) Orc:2       Volcano (visited)

Altars:
Ashenzari
Cheibriados
Dithmenos
Fedhas
Gozag
Hepliaklqana
Kikubaaqudgha
Makhleb
Nemelex Xobeh
Okawaru
Qazlal
Ru
Sif Muna
Trog
Uskayaw
Vehumet
Wu Jian
Xom
Yredelemnul
Jiyva
Lugonu

Shops:
D:6 (   Orc:1 ?   Orc:2 !(*:

Portals:
Abyss: Lair:5
Pandemonium: Orc:2

Annotations:
D:10 2 transporters, Troll's ghost, novice FoFi
D:12 Sonja


Innate Abilities, Weirdness & Mutations

You have a moderately thin skeletal structure. (Dex +4, Stealth++)
You sometimes emit foul miasma when damaged in melee.
You regenerate a little health from kills.
Your touch may irresistibly damage your foes and sap their willpower.
Your mind is acute. (Int +4, Str/Dex -1)
Your muscles are strong. (Str +4, Int/Dex -1)
You have hidden genetic potential.
[You are very clumsy. (Dex -4)]
[Your body often deteriorates upon taking damage.]
[You do not regenerate when monsters are visible.]


Message History

You feel better.
A titan skeleton comes into view.
The titan skeleton misses you.
You hit the titan skeleton.
You touch the titan skeleton.
You sap its willpower!
The titan skeleton is lightly damaged.
The titan skeleton hits you!
You emit a cloud of foul miasma!
You puncture the titan skeleton!
The titan skeleton is lightly damaged.
You puncture the titan skeleton!
The titan skeleton is lightly damaged.
A small abomination comes into view.
The titan skeleton hits you!
You hit the titan skeleton.
The titan skeleton is moderately damaged.
You puncture the titan skeleton!
The titan skeleton is moderately damaged.
The titan skeleton hits you!!
* * * LOW HITPOINT WARNING * * *
Your body deteriorates!
You feel weakened.
Unknown command.
You puncture the titan skeleton!
You touch the titan skeleton!!
You sap its willpower!
The titan skeleton is heavily damaged.
You hit the titan skeleton but do no damage.
You touch the titan skeleton!
You sap its willpower!
The titan skeleton is heavily damaged.
The titan skeleton hits you!
* * * LOW HITPOINT WARNING * * *
You hit the titan skeleton.
You touch the titan skeleton!
You sap its willpower!
The titan skeleton is severely damaged.
You feel much better. The titan skeleton hits you!!
* * * LOW HITPOINT WARNING * * *
Your body deteriorates!
You feel clumsy.
You hit the titan skeleton.
The titan skeleton is severely damaged.
The small abomination hits you but does no damage.
The titan skeleton hits you!!
You die...

.#... ≈≈≈§§ ##
#≈≈≈§§ .. #
#.≈≈§§§
#.##.#..§§§≈≈
#...#...≈≈§≈§
..#.#.Z..#≈§≈~≈
.... #@..~§≈≈≈
.......x.....##
.##..##..###.#
#. #..#
.........# ...
......#
.##..##..#. #..
#..#... ... ...
##§#


You could see a small abomination and a titan skeleton (weak-willed).

Vanquished Creatures
  Gastronok (Lair:1)
  An orc warlord (D:10)
  Azrael (D:12)
  Snorg (D:10)
  A hydra (Lair:4)
  A two-headed ogre (D:11)
  3 demonspawn (Orc:2)
  8 orc high priests (Orc:2)
  5 thrashing horrors
  9 death yaks
  A sun demon (Abyss:1)
  2 skeletal warriors (Volcano)
  2 wretched stars (Abyss:1)
  2 skysharks (Lair:5)
  3 harpies (Lair:2)
  5 orc knights
  3 anaconda skeletons (Volcano)
  5 orc sorcerers
  3 ugly things
  A cyclops (D:12)
  An elephant (shapeshifter) (Lair:5)
  A manticore (D:12)
  9 elephants
  2 black mambas
  A torpor snail (Lair:5)
  2 smoke demons
  2 large abominations
  4 gargoyles (Volcano)
  3 cane toads
  An unseen horror (D:10)
  2 rime drakes
  A tormentor (Abyss:1)
  6 komodo dragons
  2 ice devils (Orc:2)
  An efreet (Abyss:1)
  3 ancient zymes
  A queen bee (Lair:4)
  A harpy skeleton (Volcano)
  3 meliai (Lair:4)
  7 trolls
  A hornet (Lair:3)
  2 polar bears
  15 blink frogs
  A dream sheep (shapeshifter) (Lair:5)
  A slime creature (Lair:4)
  4 dream sheep (Lair:4)
  An alligator skeleton (Volcano)
  3 flying skulls (Volcano)
  3 vampires
  A shadow (D:11)
  2 ynoxinuls
  8 wyverns
  4 wraiths
  50 yaks
  2 chaos spawn (Lair:5)
  5 basilisks
  2 fire elementals (D:12)
  4 steam dragons
  6 vampire mosquitoes
  The ghost of Nattfarinn the Changeling, an amateur MfSh (D:4)
  4 nagas (Lair:2)
  A warg (Orc:2)
  4 hell hounds (D:12)
  12 water moccasins
  2 black bears
  4 sky beasts
  An ice beast (D:5)
  33 orc warriors
  10 ogres
  16 wolves
  3 centaurs
  A phantom (D:5)
  2 kobold brigands (D:7)
  13 small abominations
  A gnoll sergeant (D:7)
  A scorpion (D:4)
  14 bullfrogs
  16 wights
  27 killer bees
  3 spriggan skeletons (Volcano)
  2 electric eels
  A howler monkey (D:7)
  A crimson imp (D:7)
  2 quasits (Abyss:1)
  22 orc priests
  2 hounds
  5 jellies
  3 gnoll boudas
  A starcursed mass (Abyss:1)
  Jessica (D:2)
  5 hell rats (Lair:5)
  5 iguanas
  11 orc wizards
  3 naga skeletons (Volcano)
  16 gnolls
  9 adders
  4 shadow imps
  2 white imps
  2 worms
  4 dart slugs
  74 orcs
  4 endoplasms
  4 giant cockroaches
  6 goblins
  3 hobgoblins
  13 jackals
  17 kobolds
  2 quokkas (D:1)
  9 ball pythons
  6 bats
  4 frilled lizards
  6 rats
644 creatures vanquished.

Vanquished Creatures (others)
  An orc warrior (Orc:2)
1 creature vanquished.

Grand Total: 645 creatures vanquished

Notes
Turn   | Place    | Note
-------+----------+-------------------------------------------
     0 | D:5      | British0li the Demonspawn Delver began the quest for the
                  | Orb.
     0 | D:5      | Reached XP level 1. HP: 18/18 MP: 1/1
     9 | D:5      | Found a transporter.
    75 | D:4      | Noticed a hound
   190 | D:3      | Reached skill level 2 in Long Blades
   243 | D:3      | Gained mutation: You regenerate a little health from kills.
                  | [demonic ancestry]
   243 | D:3      | Reached XP level 2. HP: 24/24 MP: 2/2
   573 | D:1      | Reached XP level 3. HP: 29/29 MP: 3/3
  1295 | D:1      | Reached skill level 1 in Armour
  1827 | D:2      | Reached XP level 4. HP: 36/36 MP: 4/4
  1840 | D:2      | Found a faded altar of an unknown god.
  1840 | D:2      | Noticed a great orb of eyes
  1843 | D:2      | Noticed a shining eye
  1843 | D:2      | Noticed a great orb of eyes
  1843 | D:2      | Noticed a great orb of eyes
  1857 | D:2      | Found an ancient bone altar of Kikubaaqudgha.
  2141 | D:2      | Noticed Jessica
  2151 | D:2      | Killed Jessica
  2886 | D:3      | Reached XP level 5. HP: 32/42 MP: 5/5
  3167 | D:3      | Reached skill level 3 in Long Blades
  3263 | D:3      | Identified the +10 falchion of the Vase {protect, Contam
                  | *Corrode rN++ Dex+9}
  3672 | D:4      | Found a runed translucent door.
  3678 | D:4      | Noticed Nattfarinn's ghost (amateur MfSh)
  4007 | D:4      | Reached XP level 6. HP: 48/48 MP: 6/6
  4110 | D:5      | Found a transporter.
  4143 | D:5      | Noticed an ice beast
  4200 | D:5      | Killed an ice beast
  4263 | D:5      | Reached skill level 4 in Long Blades
  4338 | D:4      | Gained mutation: You have a somewhat thin skeletal
                  | structure. (Dex +2, Stealth+) [demonic ancestry]
  4338 | D:4      | Reached XP level 7. HP: 48/55 MP: 7/7
  4902 | D:5      | Found a broken altar of Ashenzari.
  5015 | D:5      | Reached skill level 5 in Fighting
  5124 | D:6      | Reached skill level 5 in Long Blades
  5155 | D:6      | Gained mutation: Your touch may inflict minor irresistible
                  | damage on your foes. [demonic ancestry]
  5155 | D:6      | Reached XP level 8. HP: 62/62 MP: 8/8
  5184 | D:6      | Identified the ring "Cumujuu" {Fly rCorr Str+2}
  5274 | D:6      | Found Zetwulou's Antique Weapon Boutique.
  5316 | D:6      | Found an ancient bone altar of Kikubaaqudgha.
  5375 | D:6      | Reached skill level 6 in Long Blades
  5512 | D:6      | Found a staircase to the Ecumenical Temple.
  5558 | Temple   | Entered the Ecumenical Temple
  5900 | D:6      | Reached skill level 5 in Dodging
  6104 | D:7      | Reached XP level 9. HP: 56/69 MP: 9/9
  6189 | D:7      | Reached skill level 7 in Long Blades
  6190 | D:7      | Found an iron altar of Okawaru.
  6306 | D:7      | Found a shimmering altar of Xom.
  6407 | D:7      | Reached skill level 5 in Armour
  6485 | D:7      | Identified the +2 helmet "Pyhey" {rF++}
  6570 | D:7      | Found a burning altar of Makhleb.
  6581 | D:7      | Became a worshipper of Makhleb the Destroyer
  6735 | D:8      | Found a shimmering blue altar of Sif Muna.
  6736 | D:8      | Found an ornate altar of the Wu Jian Council.
  6859 | D:8      | Found a stormy altar of Qazlal.
  6865 | D:8      | Reached skill level 8 in Long Blades
  7704 | D:9      | Noticed a death yak
  7705 | D:9      | Noticed a death yak
  7705 | D:9      | Noticed a death yak
  7710 | D:9      | Noticed a death yak
  7716 | D:9      | Noticed a death yak
  7718 | D:9      | Killed a death yak
  7719 | D:9      | Gained mutation: Your touch may inflict irresistible damage
                  | on your foes. [demonic ancestry]
  7719 | D:9      | Reached XP level 10. HP: 72/79 MP: 10/10
  7728 | D:9      | Killed a death yak
  7740 | D:9      | Killed a death yak
  7741 | D:9      | Reached skill level 9 in Long Blades
  7746 | D:9      | Killed a death yak
  7753 | D:9      | Killed a death yak
  7815 | D:9      | Found a staircase to the Lair.
  7879 | D:9      | Found a snail-covered altar of Cheibriados.
  7989 | D:9      | Found an opulent altar of Gozag.
  8065 | D:9      | Reached * piety under Makhleb
  8348 | D:9      | Found a shadowy altar of Dithmenos.
  8416 | D:10     | Entered Level 10 of the Dungeon
  8459 | D:10     | Found a transporter.
  8461 | D:10     | Found a transporter.
  8462 | D:10     | Noticed Troll's ghost (novice FoFi)
  8505 | D:10     | Reached skill level 10 in Long Blades
  8505 | D:10     | Reached XP level 11. HP: 80/87 MP: 11/11
  8617 | D:10     | Found a staircase to the Orcish Mines.
  8726 | D:10     | Reached ** piety under Makhleb
  8797 | D:10     | Noticed Snorg
  8810 | D:10     | Killed Snorg
  9309 | D:11     | Noticed a two-headed ogre
  9376 | Orc:1    | Entered Level 1 of the Orcish Mines
  9391 | Orc:1    | Noticed an orc knight
  9405 | Orc:1    | Killed an orc knight
  9406 | Orc:1    | Reached skill level 11 in Long Blades
  9563 | Orc:1    | Noticed an orc warlord
  9585 | Orc:1    | Noticed an orc sorcerer
  9708 | Lair:1   | Entered Level 1 of the Lair of Beasts
  9783 | Lair:1   | You are sucked into a shaft and drop 1 floor!
  9914 | Lair:1   | Noticed a death yak
  9915 | Lair:1   | Noticed a death yak
  9915 | Lair:1   | Noticed a death yak
  9916 | Lair:1   | Noticed a death yak
  9926 | Lair:1   | Killed a death yak
 10007 | Lair:1   | Killed a death yak
 10135 | Lair:1   | Gained mutation: Your touch may irresistibly damage your
                  | foes and sap their willpower. [demonic ancestry]
 10135 | Lair:1   | Reached XP level 12. HP: 96/96 MP: 12/12
 10152 | Lair:1   | Reached *** piety under Makhleb
 10355 | Lair:1   | Noticed Gastronok
 10371 | Lair:1   | Killed Gastronok
 11139 | Lair:1   | Killed a death yak
 11144 | Lair:1   | Killed a death yak
 11145 | Lair:1   | Reached skill level 12 in Long Blades
 11261 | Lair:2   | Reached skill level 10 in Fighting
 11476 | Lair:2   | Identified the amulet "Byrof" {Spirit Rampage Slay+2}
 11539 | Lair:2   | Found a staircase to the Snake Pit.
 11683 | Lair:2   | Found a staircase to the Shoals.
 11735 | Lair:2   | Identified the +7 hand axe of Plague {freeze, rF++ rC+
                  | Str-5 SInv}
 12098 | Lair:2   | Reached **** piety under Makhleb
 12353 | Lair:3   | Reached skill level 13 in Long Blades
 12353 | Lair:3   | Gained mutation: You have a moderately thin skeletal
                  | structure. (Dex +4, Stealth++) [demonic ancestry]
 12353 | Lair:3   | Reached XP level 13. HP: 88/104 MP: 13/13
 12948 | Lair:4   | Found a viscous altar of Jiyva.
 13010 | Lair:4   | Found a staircase to the Slime Pits.
 13125 | Lair:4   | Reached ***** piety under Makhleb
 13481 | Lair:4   | Reached skill level 10 in Dodging
 14007 | Lair:5   | Entered Level 5 of the Lair of Beasts
 14016 | Lair:5   | Found a dark tunnel.
 14046 | Volcano  | Entered a volcano
 14325 | Volcano  | Reached skill level 14 in Long Blades
 14325 | Volcano  | Reached skill level 10 in Armour
 14639 | Lair:4   | Gained mutation: [Your body sometimes deteriorates upon
                  | taking damage.] [mutagenic glow]
 15247 | Lair:5   | Gained mutation: You may rarely emit foul miasma when
                  | damaged in melee. [demonic ancestry]
 15247 | Lair:5   | Reached XP level 14. HP: 113/114 MP: 11/14
 15338 | Lair:5   | Got the Essays on Hot Bewitchment
 15377 | Lair:5   | Found a corrupted altar of Lugonu.
 15377 | Lair:5   | Found a one-way gate to the infinite horrors of the Abyss.
 15390 | Lair:5   | Reached ****** piety under Makhleb
 15705 | Lair:5   | Identified the +3 morningstar "Fameafui" {antimagic, Fly
                  | rF- Str-5 Dex+8}
 16208 | Orc:1    | Paralysed by an orc sorcerer for 3 turns
 16218 | D:10     | Killed an orc warlord
 16406 | Orc:1    | Found Jihourig's Magic Scroll Emporium.
 16425 | Orc:1    | Bought a scroll of blinking for 90 gold pieces
 16643 | Orc:2    | Entered Level 2 of the Orcish Mines
 16656 | Orc:2    | Reached skill level 15 in Long Blades
 16704 | Orc:2    | Found Yleduneh's Distillery.
 16704 | Orc:2    | Found Tuucura's General Store.
 16810 | Orc:2    | Bought a potion of brilliance for 40 gold pieces
 16810 | Orc:2    | Bought a potion of berserk rage for 50 gold pieces
 16812 | Orc:2    | Bought a potion of curing for 39 gold pieces
 16972 | Orc:2    | Found a staircase to the Elven Halls.
 17250 | Orc:2    | Paralysed by an orc sorcerer for 3 turns
 17320 | Orc:2    | Paralysed by an orc sorcerer for 4 turns
 17334 | Orc:2    | Paralysed by an orc sorcerer for 2 turns
 17653 | Orc:2    | Found Yleduneh's Book Emporium.
 17653 | Orc:2    | Found Enusyt Moth's Antique Weapon Shoppe.
 17654 | Orc:2    | Found a one-way gate leading to the halls of Pandemonium.
 18017 | D:4      | Killed Nattfarinn's ghost
 18372 | D:6      | Bought a pitted rapier for 261 gold pieces
 18372 | D:6      | Identified the +10 rapier "Gaqynt" {vamp, Will+ rCorr
                  | Dex-3} (You bought it in a shop on level 6 of the Dungeon)
 19372 | D:12     | Noticed Azrael
 19412 | D:12     | Killed Azrael
 19413 | D:12     | Gained mutation: You sometimes emit foul miasma when
                  | damaged in melee. [demonic ancestry]
 19413 | D:12     | Reached XP level 15. HP: 61/122 MP: 3/15
 19413 | D:12     | Lost mutation: [Your body sometimes deteriorates upon
                  | taking damage.] [potion of mutation]
 19413 | D:12     | Gained mutation: You have hidden genetic potential. [potion
                  | of mutation]
 19413 | D:12     | Gained mutation: Your muscles are strong. (Str +4, Int/Dex
                  | -1) [potion of mutation]
 19413 | D:12     | Gained mutation: Your mind is acute. (Int +4, Str/Dex -1)
                  | [potion of mutation]
 19796 | D:12     | Noticed Sonja
 19807 | Abyss:1  | Cast into level 1 of the Abyss (Sonja)
 19998 | Abyss:1  | HP: 6/122 [sun demon (6)]
 20006 | Abyss:1  | HP: 1/122 [sun demon (6)]
 20024 | Abyss:1  | Found a corrupted altar of Lugonu.
 20225 | Abyss:1  | Found a corrupted altar of Lugonu.
 20238 | Abyss:1  | Found a corrupted altar of Lugonu.
 20260 | Abyss:1  | Found a corrupted altar of Lugonu.
 20263 | Abyss:1  | Found a corrupted altar of Lugonu.
 20263 | Abyss:1  | Found a corrupted altar of Lugonu.
 20325 | Abyss:1  | Slain by a titan skeleton

Illustrated notes

Levels and vault maps discovered:
D:1:      matt_arrival_los_fun, layout_loops_corners, minmay_distorted
D:2:      layout_loops_cross, basic_altar,
          hellmonk_ecumenical_altar_watching_god, minmay_crystal_water,
          grunt_ministairs_5, uniq_jessica
D:3:      layout_basic
D:4:      layout_gridville, ebering_ghost_reflecting_pool
D:5:      gammafunk_wand_slinger, layout_basic, lemuel_coloured_pillars_altar
D:6:      layout_gridville, mainiacjoe_overflow_surrounded_room,
          nicolae_overflow_crystal_walls, minmay_temple_entry_junction_2,
          serial_shops, nicolae_shop_tiny_real_fake_doors
D:7:      nicolae_BIG_FREAKIN_CUBE, layout_cave_pools, lemuel_round_altar,
          makhleb_grotto_becter, marbit_many_paths, elyvilon_altar_3
D:8:      layout_basic, nicolae_qazlal_beasts_of_the_sky,
          nicolae_overflow_hidden_temple
D:9:      layout_roguey, mainiacjoe_overflow_boulevard, general_overflow_altar,
          kennysheep_little_box, dpeg_lair_monsters
D:10:     layout_irregular_city, david_orc_2, gammafunk_ghost_hive,
          minmay_misc_feat_columns, minmay_misc_feat_tower,
          nicolae_elevator_lobby_asterisk, uniq_snorg
D:11:     layout_long_grid
D:12:     layout_basic, uniq_azrael, uniq_sonja
Temple:   compressed_dpeg_triangle_lava_temple
Lair:1:   layout_layer_cave, uniq_gastronok
Lair:2:   layout_gridlike, nicolae_shoals_entry_roost,
          minmay_snake_entry_guardpost_small
Lair:3:   layout_gridlike, serial_bayou_shore_b, grunt_megastairs_5
Lair:4:   layout_roguey [special_room_bee], minmay_slime_entry_pillars,
          lemuel_fruit_fields
Lair:5:   hellmonk_lair_end_abyssal_woods, layout_regular_city, enter_volcano_1,
          fungi_pond_lemuel, nicolae_quartered_pool_little
Orc:1:    layout_diamond_mine, serial_shops, shop
Orc:2:    pf_orc_diabolical, layout_caves, mines2_david
Abyss:1:  base: Temple, hangedman_abyss_or_decor_stagger

Skill      XL: |  1  2  3  4  5  6  7  8  9 10 11 12 13 14 |
---------------+-------------------------------------------+-----
Long Blades    | 2 3 4 5 6 8 10 11 13 14 15 | 15.9
Dodging        | 2 3 4 5 6 7 8 9 10 11 | 11.7
Armour         | 1 2 3 4 5 6 8 9 10 11 | 11.4
Fighting       | 4 5 6 7 8 9 10 11 12 | 12.9
Stealth        | |  4.5

Action                     |  1- 3 |  4- 6 |  7- 9 | 10-12 | 13-15 || total
---------------------------+-------+-------+-------+-------+-------++-------
  Melee: Falchion          |   199 |   203 |   217 |   542 |   881 ||  2042
         Punch             |     1 |     3 |     2 |    12 |    22 ||    40
         Touch             |       |       |    39 |   127 |   256 ||   422
         Great sword       |       |       |       |       |    43 ||    43
         Rapier            |       |       |       |       |   224 ||   224
  Throw: Javelin           |       |       |       |     3 |     1 ||     4
  Evoke: Wand              |       |       |       |       |     5 ||     5
    Use: Scroll            |     3 |     1 |       |    10 |     7 ||    21
         Potion            |     1 |       |       |       |     8 ||     9
   Stab: Sleeping          |    10 |    14 |     7 |       |     3 ||    34
         Distracted        |     1 |     1 |       |       |     3 ||     5
 Armour: Leather armour    |    71 |    30 |       |       |       ||   101
         Ring mail         |       |    18 |    59 |       |       ||    77
         Plate armour      |       |       |    40 |   380 |   333 ||   753
         Scale mail        |       |       |       |       |   158 ||   158
  Dodge: Dodged            |   179 |   133 |   147 |   447 |   769 ||  1675

Table legend: (Time is in decaauts)
 A = Elapsed time spent in this place.
 B = Non-inter-level travel time spent in this place.
 C = Inter-level travel time spent in this place.
 D = Time resting spent in this place.
 E = Time spent auto-exploring this place.
 F = Levels seen in this place.
 G = Mean time per level.
                   A        B        C        D        E       F      G
               +--------+--------+--------+--------+--------+-----+--------+
         Total |  19883 |  17979 |   1904 |   1479 |  12352 |  22 |  903.8 |
       Dungeon |  11158 |   9844 |   1314 |    854 |   6879 |  12 |  929.8 |
        Temple |    327 |    290 |     37 |      0 |    271 |   1 |  327.0 |
          Lair |   5755 |   5362 |    393 |    155 |   3989 |   5 | 1151.0 |
  Orcish Mines |   1639 |   1479 |    160 |    174 |    859 |   2 |  819.5 |
         Abyss |    491 |    491 |      0 |    268 |      0 |   1 |  491.0 |
       Volcano |    511 |    511 |      0 |     27 |    354 |   1 |  511.0 |
               +--------+--------+--------+--------+--------+-----+--------+

Top non-repeatable levels by time:
  Lair:1: 1483 daAuts
     D:3: 1372 daAuts
     D:1: 1313 daAuts
    D:10: 1255 daAuts
  Lair:5: 1245 daAuts
  Lair:4: 1136 daAuts
     D:8: 1093 daAuts
     D:5: 1075 daAuts
  Lair:2: 1046 daAuts
   Orc:2: 957 daAuts
     D:9: 895 daAuts
     D:2: 895 daAuts
  Lair:3: 842 daAuts
     D:6: 769 daAuts
     D:4: 689 daAuts
